 Dungeon Crawl Stone Soup version 0.30-a0-168-g0b976cbdc4 (webtiles) character file.

Game seed: 14366175891318561645

1869 Iusername the Protected (level 8, -2/71 HPs)
             Began as a Minotaur Fighter on Sept 28, 2022.
             Was a Priest of Trog.
             Slain by a gnoll sergeant
             ... wielding a +2 trident of freezing
              (15 damage)
             ... on level 7 of the Dungeon on Sept 29, 2022.
             The game lasted 00:11:39 (7846 turns).

Iusername the Protected (Minotaur Fighter)          Turns: 7846, Time: 00:11:39

Health: -2/71      AC:  0    Str: 24    XL:     8   Next: 90%
Magic:  7/7        EV: 14    Int:  5    God:    Trog [***...]
Gold:   474        SH:  0    Dex:  9    Spells: 7/7 levels left

rFire   . . .      SeeInvis .    (weapon currently unavailable)
rCold   . . .      Faith    .    (shield currently unavailable)
rNeg    . . .      Spirit   .    (body armour currently unavailable)
rPois   .          Reflect  .    (helmet currently unavailable)
rElec   .          Harm     .    (cloak currently unavailable)
rCorr   .          Rampage  .    (gloves currently unavailable)
Will    .....                    (boots currently unavailable)
Stlth   +.........               (no amulet)
HPRegen 0.21/turn                (ring currently unavailable)
MPRegen 0.10/turn                (ring currently unavailable)

@: pig-form (expiring), on berserk cooldown, slowed
A: fast, no casting, small, (horns 2), (retaliatory headbutt)
a: Renounce Religion, Berserk, Trog's Hand


You were on level 7 of the Dungeon.
You worshipped Trog.
Trog was most pleased with you.
You were a filthy swine.
You visited 1 branch of the dungeon, and saw 7 of its levels.
You also visited: Sewer.

You collected 474 gold pieces.

Inventory:

Hand Weapons
 a - a +1 long sword (melded)
Missiles
 n - a throwing net (quivered)
Armour
 c - a +0 buckler (melded)
 e - a +0 cloak (melded)
 m - a +0 pair of gloves (melded)
 s - a +0 plate armour (melded)
Wands
 u - a wand of flame (19)
 w - a wand of charming (7)
Scrolls
 f - a scroll of vulnerability
 g - 3 scrolls of noise
 h - a scroll of fear
 i - a scroll of poison
 l - 6 scrolls of teleportation
 p - 2 scrolls of blinking
 v - a scroll of amnesia {unknown}
Potions
 b - 2 potions of haste {unknown}
 d - a potion of might
 j - 6 potions of heal wounds
 k - 2 potions of mutation
 o - 3 potions of brilliance
 q - a potion of lignification {unknown}
 r - 2 potions of flight {unknown}


   Skills:
 + Level 6.7 Fighting
 + Level 8.3 Long Blades
 + Level 8.4 Armour
 + Level 2.3 Dodging
 + Level 0.3 Stealth
 + Level 6.5 Shields


You had 7 spell levels left.
You didn't know any spells.
Your spell library was empty.

Dungeon Overview and Level Annotations

Branches:
Dungeon (7/15)             Temple (0/1) D:5           Sewer (visited)

Altars:
Cheibriados
Dithmenos
Okawaru
Trog
Yredelemnul
The Shining One

Shops:
D:5 [


Innate Abilities, Weirdness & Mutations

You are a filthy swine.
You move quickly.
Your equipment is almost entirely melded.
You are incapable of wielding weapons or throwing items.
You cannot cast spells.
((You have a pair of horns on your head.))
((You reflexively headbutt those who attack you in melee.))


Message History

Your +1 long sword melds into your body.
Your +0 cloak melds into your body.
Your +0 pair of gloves melds into your body.
Your +0 buckler melds into your body.
Your +0 plate armour melds into your body.
You are no longer berserk.
You are exhausted.
You feel yourself slow down.
You hit the gnoll sergeant but do no damage.
The gnoll sergeant is heavily wounded.
The gnoll sergeant misses you. The gnoll sergeant barely misses you.
You hit the gnoll sergeant.
The gnoll sergeant is heavily wounded.
The gnoll sergeant hits you with a +2 trident of freezing!
The gnoll sergeant freezes you.
You hit the gnoll sergeant.
The gnoll sergeant is heavily wounded.
The gnoll sergeant hits you with a +2 trident of freezing!
The gnoll sergeant freezes you.
You hit the gnoll sergeant but do no damage.
The gnoll sergeant is heavily wounded.
The gnoll sergeant hits you with a +2 trident of freezing.
The gnoll sergeant freezes you. The gnoll sergeant barely misses you.
You hit the gnoll sergeant but do no damage.
The gnoll sergeant is heavily wounded.
The gnoll sergeant hits you with a +2 trident of freezing!
* * * LOW HITPOINT WARNING * * *
The gnoll sergeant freezes you!
* * * LOW HITPOINT WARNING * * *
You hit the gnoll sergeant.
The gnoll sergeant is severely wounded.
The gnoll sergeant closely misses you.
You hit the gnoll sergeant but do no damage.
The gnoll sergeant is severely wounded.
The gnoll sergeant misses you.
You hit the gnoll sergeant but do no damage.
The gnoll sergeant is severely wounded.
Your transformation is almost over.
The gnoll sergeant hits you with a +2 trident of freezing!
You die...

.. ##.... ..
#...... .
.......
#.##.....# .
##.#.....# .. #.
.....
..###.##).#
....(..#.##
#...gh.# . ..
##)))####..
....#...).......
$...>...........
##.####.<#......
# #..<##...#..
........# .### .
.......## .
......# .


You could see a gnoll sergeant.

Vanquished Creatures
  Eustachio (D:4)
  2 water moccasins (D:6)
  A hornet zombie (D:5)
  2 ogres
  A centaur (D:5)
  2 phantoms
  3 scorpions
  A wyvern zombie (D:5)
  A gnoll sergeant (D:6)
  A bullfrog zombie (D:5)
  A centaur zombie (D:5)
  A hound (D:5)
  2 jellies
  Natasha (thrice) (D:3)
  4 iguanas
  2 hound zombies (D:5)
  5 gnolls
  6 adders
  13 river rats (Sewer)
  A shadow imp (D:6)
  A worm (D:2)
  8 dart slugs
  16 orcs
  15 ball pythons
  8 bats
  6 endoplasms
  A giant cockroach (D:1)
  5 hobgoblins
  5 jackals
  4 quokkas
  3 frilled lizards
  7 goblins
  23 kobolds
  24 rats
179 creatures vanquished.

Vanquished Creatures (others)
  An orc wizard (D:5)
  A plant (D:1)
  2 toadstools (D:5)
4 creatures vanquished.

Grand Total: 183 creatures vanquished

Notes
Turn   | Place    | Note
-------+----------+-------------------------------------------
     0 | D:1      | Iusername the Minotaur Fighter began the quest for the Orb.
     0 | D:1      | Reached XP level 1. HP: 19/19 MP: 0/0
   143 | D:1      | Upgraded the game from 0.30-a0-165-g1891117ce2 to
                  | 0.30-a0-168-g0b976cbdc4
   152 | D:1      | Reached XP level 2. HP: 27/27 MP: 1/1
   736 | D:2      | Found a bloodstained altar of Trog.
   842 | D:2      | Reached XP level 3. HP: 31/33 MP: 2/2
   905 | D:2      | Became a worshipper of Trog the Wrathful
   972 | D:2      | Found a faded altar of an unknown god.
  1089 | D:2      | Reached XP level 4. HP: 39/40 MP: 3/3
  1394 | D:3      | Noticed Natasha
  1401 | D:3      | Killed Natasha
  1401 | D:3      | Reached * piety under Trog
  1523 | D:3      | Identified the +6 leather armour of the Land of Plenty
                  | {rPois rCorr MP+9 Int-4}
  1723 | D:3      | Noticed Natasha
  1733 | D:3      | Killed Natasha
  1734 | D:3      | Reached skill level 1 in Dodging
  1734 | D:3      | Reached XP level 5. HP: 40/47 MP: 4/4
  1846 | D:3      | Noticed Natasha
  1856 | D:3      | Killed Natasha
  2044 | D:4      | Found an iron altar of Okawaru.
  2160 | D:4      | Noticed Eustachio
  2174 | D:4      | Killed Eustachio
  2175 | D:4      | Reached skill level 5 in Long Blades
  2175 | D:4      | Reached skill level 5 in Armour
  2175 | D:4      | Reached XP level 6. HP: 53/53 MP: 5/5
  3119 | D:5      | Entered Level 5 of the Dungeon
  3335 | D:5      | Reached skill level 5 in Fighting
  3338 | D:5      | Reached skill level 5 in Shields
  3338 | D:5      | Reached XP level 7. HP: 20/61 MP: 6/6
  3711 | D:5      | Found a snail-covered altar of Cheibriados.
  4098 | D:5      | Found a glowing golden altar of the Shining One.
  4360 | D:5      | Found a shadowy altar of Dithmenos.
  4406 | D:5      | Found a staircase to the Ecumenical Temple.
  4441 | D:5      | Found Axzoxyt's Antique Armour Shoppe.
  4821 | D:6      | Reached ** piety under Trog
  4822 | D:6      | Reached XP level 8. HP: 67/69 MP: 7/7
  4860 | D:6      | Found a glowing drain.
  4884 | Sewer    | Entered a sewer
  5352 | Sewer    | Reached *** piety under Trog
  7501 | D:5      | Found a basalt altar of Yredelemnul.
  7558 | D:5      | Identified the +2 scale mail of Taho Hofus {rElec rF-
                  | Regen+ Dex-2}
  7846 | D:7      | Slain by a gnoll sergeant

Illustrated notes

Levels and vault maps discovered:
D:1:      shiori_arrival_maze, layout_basic, serial_forest,
          infiniplex_forest_clump_medium, infiniplex_forest_diagonal,
          infiniplex_forest_straight_3, infiniplex_forest_lined_1,
          infiniplex_forest_straight_4, infiniplex_forest_end_3,
          infiniplex_forest_lined_3, infiniplex_forest_lined_2,
          infiniplex_forest_end_double
D:2:      layout_basic, basic_altar, hellmonk_ecumenical_altar_blasted,
          minmay_unequal
D:3:      layout_basic, uniq_natasha
D:4:      layout_loops_cross, lemuel_round_altar, uniq_eustachio
D:5:      layout_loops_cross, nicolae_yredelemnul_corpse_copse,
          lemuel_round_altar, jmf_multi_god_temple,
          minmay_temple_entry_offerings, serial_shops, kennysheep_little_box,
          grunt_ministairs_2, minmay_gold_behind_fungi,
          kennysheep_generic_room_15
D:6:      layout_basic, cheibrodos_sewer_entry_sluice
D:7:      layout_cave_pools, zin_purify, marbit_many_paths, serial_column_ruins,
          column_ruins_open_tiny, column_ruins_grid_3, column_ruins_grid_1,
          column_ruins_open_small, column_ruins_open_small,
          column_ruins_open_small, minmay_fractal_squares_diagonal_5

Skill      XL: |  1  2  3  4  5  6  7  8 |
---------------+-------------------------+-----
Shields        | 4 5 6 |  6.5
Fighting       | 4 5 6 |  6.7
Long Blades    | 3 4 5 6 8 |  8.3
Armour         | 4 5 7 8 |  8.4
Dodging        | 1 2 |  2.3
Stealth        | |  0.3

Action                   |  1- 3 |  4- 6 |  7- 9 || total
-------------------------+-------+-------+-------++-------
Melee: Long sword        |    97 |   139 |   323 ||   559
       Headbutt          |    12 |    25 |    55 ||    92
       Unarmed           |       |       |     8 ||     8
Invok: Berserk           |       |     2 |     5 ||     7
  Use: Scroll            |       |     2 |     9 ||    11
Armor: Scale mail        |    59 |    53 |       ||   112
       Plate armour      |       |    33 |   252 ||   285
Dodge: Dodged            |    59 |    61 |   143 ||   263
Block: Buckler           |    18 |    29 |   101 ||   148

Table legend: (Time is in decaauts)
 A = Elapsed time spent in this place.
 B = Non-inter-level travel time spent in this place.
 C = Inter-level travel time spent in this place.
 D = Time resting spent in this place.
 E = Time spent auto-exploring this place.
 F = Levels seen in this place.
 G = Mean time per level.
                   A        B        C        D        E       F      G
               +--------+--------+--------+--------+--------+-----+--------+
         Total |   8005 |   7760 |    245 |   2209 |   4145 |   8 | 1000.6 |
       Dungeon |   7262 |   7017 |    245 |   2168 |   3749 |   7 | 1037.4 |
         Sewer |    743 |    743 |      0 |     40 |    396 |   1 |  743.0 |
               +--------+--------+--------+--------+--------+-----+--------+

Top non-repeatable levels by time:
     D:6: 2074 daAuts
     D:5: 1963 daAuts
     D:4: 1136 daAuts
     D:1: 747 daAuts
   Sewer: 743 daAuts
     D:3: 654 daAuts
     D:2: 648 daAuts
     D:7: 37 daAuts
